[ AOE2 MATCH · #481901181 ]
UnrankedMongols vs Burgundians
[ REPLAY ANALYSIS · EXTRACTED FROM THE RECORDED GAME ]
Feudal
—
Castle
—
Imperial
—
| APM avg | 46.6 |
| APM peak | 62 |
| eAPM avg | 22.7 |
| Villagers / military | 23 / 0 |
Focus
⚔️ 25.3% · 🌾 74.7%
Feudal
—
Castle
—
Imperial
—
| APM avg | 40.2 |
| APM peak | 86 |
| eAPM avg | 15.8 |
| Villagers / military | 18 / 0 |
Focus
⚔️ 19.0% · 🌾 81.0%
Feudal
—
Castle
—
Imperial
—
| APM avg | 16.1 |
| APM peak | 23 |
| eAPM avg | 9.5 |
| Villagers / military | 19 / 0 |
Focus
⚔️ 16.3% · 🌾 83.7%
Feudal
—
Castle
—
Imperial
—
| APM avg | 19.2 |
| APM peak | 43 |
| eAPM avg | 10.9 |
| Villagers / military | 22 / 0 |
Focus
⚔️ 13.8% · 🌾 86.2%
Feudal
—
Castle
—
Imperial
—
| APM avg | 33.2 |
| APM peak | 68 |
| eAPM avg | 14.3 |
| Villagers / military | 29 / 0 |
Focus
⚔️ 20.5% · 🌾 79.5%
Feudal
—
Castle
—
Imperial
—
| APM avg | 39.5 |
| APM peak | 49 |
| eAPM avg | 20.8 |
| Villagers / military | 24 / 0 |
Focus
⚔️ 25.5% · 🌾 74.5%
Feudal
—
Castle
—
Imperial
—
| APM avg | 36.9 |
| APM peak | 50 |
| eAPM avg | 17.3 |
| Villagers / military | 32 / 0 |
Focus
⚔️ 13.8% · 🌾 86.2%
Feudal
—
Castle
—
Imperial
—
| APM avg | 54.4 |
| APM peak | 102 |
| eAPM avg | 19.1 |
| Villagers / military | 9 / 0 |
Focus
⚔️ 23.4% · 🌾 76.6%
Match map
Initial resources + every placement click. Lines = walls · curves = elevation contours. ◆ gold · ⬟ stone · ● berries · ✦ relic · ◌ wall gap
Your base
心焰's base
ChefboyRV's base
Sky_二哥's base
ElteGM's base
查理曼大帝's base
SuperNoob's base
murphykz2322's base
Smoothed initial terrain · ◌ = detected wall gap · hover for details
Inputs per minute
— Oh Bossom - - 心焰
Build order — Oh Bossom
29 actions detected in the replay
| 0:02 | Build | House |
| 0:04 | Build | House |
| 0:05 | Create | Villager (Male) |
| 0:05 | Create | Villager (Male) |
| 0:06 | Create | Villager (Male) |
| 0:06 | Create | Villager (Male) |
| 0:35 | Research | Loom |
| 0:36 | Create | Villager (Male) |
| 0:52 | Create | Villager (Male) |
| 0:53 | Create | Villager (Male) |
| 1:49 | Build | Palisade Wall |
| 1:50 | Create | Villager (Male) |
| 2:40 | Create | Villager (Male) |
| 3:18 | Create | Villager (Male) |
| 3:18 | Create | Villager (Male) |
| 4:08 | Create | Villager (Male) |
| 4:08 | Create | Villager (Male) |
| 4:32 | Build | Lumber Camp |
| 4:37 | Create | Villager (Male) |
| 4:38 | Create | Villager (Male) |
| 4:51 | Create | Villager (Male) |
| 4:58 | Build | Palisade Wall |
| 5:38 | Create | Villager (Male) |
| 5:38 | Create | Villager (Male) |
| 5:52 | Build | House |
| 6:19 | Create | Villager (Male) |
| 6:19 | Create | Villager (Male) |
| 6:20 | Create | Villager (Male) ×2 |
| 6:20 | Create | Villager (Male) |
Build order — 心焰
25 actions detected in the replay
| 0:01 | Create | Villager (Male) |
| 0:01 | Create | Villager (Male) |
| 0:03 | Build | House |
| 0:05 | Build | House |
| 0:15 | Create | Villager (Male) |
| 0:17 | Create | Villager (Male) |
| 1:29 | Create | Villager (Male) |
| 2:06 | Create | Villager (Male) |
| 2:18 | Create | Villager (Male) |
| 2:46 | Create | Villager (Male) |
| 3:05 | Create | Villager (Male) |
| 3:17 | Build | Lumber Camp |
| 3:31 | Create | Villager (Male) |
| 3:47 | Create | Villager (Male) |
| 3:51 | Build | House |
| 3:54 | Build | House |
| 4:09 | Create | Villager (Male) |
| 4:21 | Create | Villager (Male) |
| 4:32 | Research | Double-Bit Axe |
| 4:32 | Research | Double-Bit Axe |
| 4:43 | Create | Villager (Male) |
| 4:43 | Create | Villager (Male) |
| 5:06 | Create | Villager (Male) |
| 5:06 | Create | Villager (Male) |
| 5:36 | Create | Villager (Male) |
Build order — ChefboyRV
23 actions detected in the replay
| 0:03 | Create | Villager (Male) ×5 |
| 0:06 | Build | House |
| 0:09 | Build | House |
| 0:52 | Research | Loom |
| 0:58 | Create | Villager (Male) |
| 0:58 | Create | Villager (Male) |
| 1:36 | Create | Villager (Male) |
| 1:37 | Create | Villager (Male) |
| 2:06 | Create | Villager (Male) |
| 2:14 | Build | Palisade Wall |
| 2:24 | Create | Villager (Male) |
| 2:58 | Create | Villager (Male) |
| 3:17 | Create | Villager (Male) |
| 3:22 | Build | Lumber Camp |
| 3:46 | Create | Villager (Male) |
| 3:51 | Build | House |
| 3:58 | Create | Villager (Male) |
| 4:34 | Create | Villager (Male) |
| 5:14 | Build | Mining Camp |
| 5:15 | Create | Villager (Male) |
| 5:46 | Create | Villager (Male) |
| 6:00 | Build | House |
| 6:05 | Create | Villager (Male) |
Build order — Sky_二哥
28 actions detected in the replay
| 0:02 | Create | Villager (Male) |
| 0:02 | Create | Villager (Male) |
| 0:04 | Build | House |
| 0:06 | Build | House |
| 0:31 | Create | Villager (Male) |
| 0:32 | Create | Villager (Male) |
| 0:32 | Create | Villager (Male) |
| 1:21 | Build | Lumber Camp |
| 1:28 | Create | Villager (Male) |
| 1:29 | Create | Villager (Male) |
| 1:54 | Research | Loom |
| 2:10 | Create | Villager (Male) |
| 2:11 | Create | Villager (Male) |
| 2:45 | Create | Villager (Male) |
| 2:46 | Create | Villager (Male) |
| 3:05 | Build | House |
| 3:35 | Create | Villager (Male) |
| 3:54 | Create | Villager (Male) |
| 3:54 | Create | Villager (Male) |
| 4:18 | Create | Villager (Male) |
| 4:18 | Create | Villager (Male) |
| 4:57 | Build | Mill |
| 5:13 | Create | Villager (Male) |
| 5:14 | Create | Villager (Male) |
| 5:14 | Create | Villager (Male) |
| 5:36 | Create | Villager (Male) |
| 5:36 | Create | Villager (Male) |
| 5:38 | Create | Villager (Male) |
Build order — ElteGM
38 actions detected in the replay
| 0:02 | Create | Villager (Male) |
| 0:02 | Create | Villager (Male) |
| 0:02 | Create | Villager (Male) |
| 0:03 | Create | Villager (Male) |
| 0:03 | Create | Villager (Male) |
| 0:04 | Build | House |
| 0:07 | Build | House |
| 0:26 | Research | Loom |
| 0:26 | Research | Loom |
| 0:34 | Create | Villager (Male) |
| 0:34 | Create | Villager (Male) |
| 0:35 | Create | Villager (Male) |
| 0:50 | Build | House |
| 1:18 | Build | Palisade Wall |
| 1:36 | Build | Palisade Wall |
| 1:42 | Create | Villager (Male) |
| 1:42 | Create | Villager (Male) |
| 2:36 | Create | Villager (Male) |
| 2:52 | Create | Villager (Male) |
| 3:18 | Create | Villager (Male) |
| 3:30 | Create | Villager (Male) |
| 3:56 | Create | Villager (Male) |
| 3:56 | Create | Villager (Male) |
| 3:57 | Create | Villager (Male) |
| 4:02 | Build | Lumber Camp |
| 4:45 | Create | Villager (Male) |
| 4:46 | Create | Villager (Male) |
| 4:46 | Create | Villager (Male) |
| 5:07 | Create | Villager (Male) |
| 5:07 | Create | Villager (Male) |
| 5:16 | Build | Mill |
| 5:23 | Create | Villager (Male) |
| 5:23 | Create | Villager (Male) |
| 5:24 | Create | Villager (Male) |
| 5:24 | Create | Villager (Male) |
| 6:00 | Create | Villager (Male) |
| 6:16 | Create | Villager (Male) |
| 6:17 | Create | Villager (Male) |
Build order — 查理曼大帝
29 actions detected in the replay
| 0:01 | Create | Villager (Male) ×4 |
| 0:03 | Build | House |
| 0:05 | Build | House |
| 1:30 | Create | Villager (Male) |
| 1:30 | Create | Villager (Male) |
| 1:34 | Research | Loom |
| 1:34 | Create | Villager (Male) |
| 1:48 | Build | Palisade Wall |
| 1:55 | Build | Palisade Wall |
| 2:01 | Build | Palisade Gate |
| 2:04 | Build | Palisade Gate |
| 2:31 | Create | Villager (Male) |
| 2:31 | Create | Villager (Male) |
| 2:42 | Create | Villager (Male) |
| 2:43 | Create | Villager (Male) |
| 3:03 | Build | Lumber Camp |
| 3:19 | Create | Villager (Male) |
| 3:19 | Create | Villager (Male) |
| 3:42 | Create | Villager (Male) |
| 3:43 | Create | Villager (Male) |
| 4:26 | Create | Villager (Male) |
| 4:33 | Build | House |
| 4:52 | Create | Villager (Male) |
| 4:52 | Create | Villager (Male) |
| 5:18 | Create | Villager (Male) |
| 5:18 | Create | Villager (Male) |
| 5:41 | Create | Villager (Male) |
| 5:41 | Create | Villager (Male) |
| 6:03 | Create | Villager (Male) ×2 |
Build order — SuperNoob
39 actions detected in the replay
| 0:01 | Create | Villager (Male) |
| 0:01 | Create | Villager (Male) |
| 0:02 | Create | Villager (Male) |
| 0:02 | Create | Villager (Male) |
| 0:02 | Create | Villager (Male) |
| 0:03 | Build | House |
| 0:04 | Build | House |
| 1:28 | Create | Villager (Male) |
| 1:28 | Create | Villager (Male) |
| 1:58 | Create | Villager (Male) |
| 1:58 | Create | Villager (Male) |
| 2:29 | Create | Villager (Male) |
| 2:29 | Create | Villager (Male) |
| 2:29 | Create | Villager (Male) |
| 2:39 | Build | Lumber Camp |
| 2:56 | Create | Villager (Male) |
| 2:56 | Create | Villager (Male) |
| 3:23 | Create | Villager (Male) |
| 3:23 | Create | Villager (Male) |
| 3:23 | Create | Villager (Male) |
| 3:59 | Create | Villager (Male) |
| 3:59 | Create | Villager (Male) |
| 4:05 | Build | House |
| 4:29 | Create | Villager (Male) |
| 4:29 | Create | Villager (Male) |
| 4:29 | Create | Villager (Male) |
| 4:29 | Create | Villager (Male) |
| 4:50 | Build | Mill |
| 4:59 | Create | Villager (Male) |
| 5:00 | Create | Villager (Male) |
| 5:06 | Build | House |
| 5:35 | Create | Villager (Male) |
| 5:35 | Create | Villager (Male) |
| 5:35 | Create | Villager (Male) |
| 5:35 | Create | Villager (Male) |
| 6:09 | Build | Mill |
| 6:14 | Create | Villager (Male) |
| 6:14 | Create | Villager (Male) |
| 6:14 | Create | Villager (Male) |
Build order — murphykz2322
12 actions detected in the replay
| 0:04 | Build | House |
| 0:05 | Create | Villager (Male) |
| 0:05 | Create | Villager (Male) |
| 0:06 | Build | House |
| 0:34 | Research | Loom |
| 0:52 | Create | Villager (Male) |
| 0:52 | Create | Villager (Male) |
| 2:04 | Create | Villager (Male) |
| 2:04 | Create | Villager (Male) |
| 2:43 | Create | Villager (Male) |
| 3:32 | Create | Villager (Male) |
| 3:54 | Create | Villager (Male) |
Match timeline
| 1:18 | ElteGM · wall_segment Palisade Wall x5 |
| 1:36 | ElteGM · wall_segment Palisade Wall x10 |
| 1:48 | 查理曼大帝 · wall_segment Palisade Wall x5 |
| 1:49 | Oh Bossom · wall_segment Palisade Wall x7 |
| 1:55 | 查理曼大帝 · wall_segment Palisade Wall x5 |
| 2:14 | ChefboyRV · wall_segment Palisade Wall x10 |
| 4:58 | Oh Bossom · wall_segment Palisade Wall x5 |
| 5:19 | murphykz2322 · resign |
[ AI ANALYSIS · 1 CREDIT ]
What really happened in this match?
Wolo.gg analyzes every decision: build order, eco, micro, common mistakes by bracket. Personalized analysis on WhatsApp or Discord in 30 seconds.
Civ guide
Mongols
Perfil
Jugador #269429